 Dungeon Crawl Stone Soup version 0.23-a0-814-g91b4073 (console) character file.

739 Duffy the Chopper (level 7, -13/62 HPs)
             Began as a Naga Fighter on Jan 21, 2019.
             Was an Initiate of Gozag.
             Mangled by an orc warrior
             ... wielding a +0 hand axe
              (17 damage)
             ... on level 5 of the Dungeon.
             The game lasted 00:05:13 (4599 turns).

Duffy the Chopper (Naga Fighter)                    Turns: 4599, Time: 00:05:14

Health: -13/62     AC:  8    Str: 18    XL:     7   Next: 75%
Magic:  7/7        EV:  7    Int: 10    God:    Gozag
Gold:   450        SH: 10    Dex: 11    Spells: 6/6 levels left

rFire    . . .     SeeInvis +   a - +0 war axe
rCold    . . .     Gourm    .   c - +0 shield
rNeg     + . .     Faith    .   d - +2 leather armour {rN+}
rPois    +         Spirit   .   k - +0 helmet
rElec    .         Reflect  .   (no cloak)
rCorr    .         Harm     .   l - +0 pair of gloves
MR       .....                  (no barding)
Stlth    +.........             (no amulet)
HPRegen  0.20/turn              n - +5 ring of slaying
MPRegen  0.10/turn              (no ring)

@: short of breath, starving, very slow
A: large, see invisible, deformed body, poison resistance, slowness 2, slow
metabolism 1, spit poison 1, AC +2
a: Spit Poison, Potion Petition, Call Merchant, Bribe Branch, Renounce Religion


You were on level 5 of the Dungeon.
You worshipped Gozag.
Gozag was aware of your devotion.
You were starving.

You visited 1 branch of the dungeon, and saw 6 of its levels.

You collected 532 gold pieces.
You paid 82 gold pieces to Gozag.

Inventory:

Hand Weapons
 a - a +0 war axe (weapon)
 o - a +1 hand axe of chopping
Armour
 b - a +0 scale mail
 c - a +0 shield (worn)
 d - a +2 leather armour of positive energy (worn)
 j - a +2 leather armour of cold resistance
 k - a +0 helmet (worn)
 l - a +0 pair of gloves (worn)
Jewellery
 n - a +5 ring of slaying (left hand)
Scrolls
 g - 3 scrolls of remove curse
 h - a scroll of fog
 i - a scroll of enchant weapon {unknown}
 m - a scroll of amnesia {unknown}
 q - a scroll of immolation {unknown}
 s - a scroll of noise {unknown}
 t - a scroll of magic mapping {unknown}
 w - a scroll of teleportation {unknown}
Potions
 e - 2 potions of curing
 p - a potion of cancellation {unknown}
 r - 2 potions of mutation
 u - a potion of flight {unknown}
 v - 2 potions of heal wounds {unknown}
Comestibles
 f - 6 rations


   Skills:
 - Level 3.0 Fighting
 + Level 6.1 Axes
 - Level 2.4 Armour
 + Level 5.4 Shields


You had 6 spell levels left.
You didn't know any spells.
Your spell library was empty.

Dungeon Overview and Level Annotations

Branches:
Dungeon (6/15)             Temple (0/1) D:5

Altars:
Dithmenos
Gozag
Uskayaw

Annotations:
D:3 Grinder


Innate Abilities, Weirdness & Mutations

You cannot wear boots.
Your serpentine skin is tough. (AC +2)
You have supernaturally acute eyesight. (SInv)
Armour fits poorly on your strangely shaped body.
Your system is resistant to poisons. (rPois)
You cover ground very slowly.
You have a slow metabolism.
You can spit poison.


Message History

Your shield prevents you from hitting the orc warrior.
The orc warrior is severely wounded.
The orc warrior hits you with a +0 hand axe.
You are too injured to fight recklessly!
You are too injured to fight recklessly!
You aren't carrying any items that you can evoke.
Press: ? - help, Shift-Dir - straight line, f - orc warrior
Aim: an orc warrior, wielding a +0 hand axe and wearing a cursed -1 chain mail (severely wounded, poisoned)
The splash of poison misses the orc warrior.
You are starving!
The orc warrior hits you with a +0 hand axe!!
You closely miss the orc warrior.
The orc warrior is severely wounded.
The orc warrior looks more healthy.
The orc warrior hits you with a +0 hand axe.
You barely miss the orc warrior.
The orc warrior is severely wounded.
The orc warrior hits you with a +0 hand axe!
You die...
Your body crumbles into a pile of gold.

.............'###.#........#
#####
###########.......#........#
#.... #.......#.....^..#
#.### #.......#........# #.#
# ####..#+#........# #.# #
##### ##............# #.# #
#PPP## ####............# #.#
# P...P#
#......o........####.# #
..>.P#
#....$@...########.#.# #
P...P# #......$..# #####.#.#
#PPP##
#......#######.....#.###
#####
#..............###.#....
#.......................
#.............####.##...
#.............+....##...
#.............#######...
######........# #...


You could see an orc warrior.

Vanquished Creatures
  Duvessa (D:4)
  Dowan (D:4)
  A scorpion (D:5)
  3 howler monkeys
  A hound (D:4)
  2 orc priests
  4 orc wizards
  An iguana (D:5)
  2 worker ants (D:4)
  A hound skeleton (D:4)
  A worker ant zombie (D:4)
  Robin (D:4)
  An ooze (D:2)
  3 dart slugs
  4 leopard geckos
  11 orcs
  18 goblins
  8 hobgoblins
  2 jackals (D:2)
  4 kobolds
  4 quokkas
  4 bats
  4 frilled lizards
  A leopard gecko skeleton (D:4)
  4 rats (D:1)
87 creatures vanquished.

Vanquished Creatures (others)
  A goblin (D:4)
1 creature vanquished.

Grand Total: 88 creatures vanquished

Notes
Turn   | Place    | Note
-------+----------+-------------------------------------------
     0 | D:1      | Duffy the Naga Fighter began the quest for the Orb.
     0 | D:1      | Reached XP level 1. HP: 21/21 MP: 1/1
   168 | D:2      | Noticed a +0 dagger
   170 | D:2      | Found a hide-covered altar of Uskayaw.
   170 | D:2      | Noticed a +0 hand axe
   183 | D:2      | Reached XP level 2. HP: 20/28 MP: 2/2
   629 | D:4      | Found an opulent altar of Gozag.
   868 | D:4      | Reached skill level 3 in Axes
   868 | D:4      | Reached XP level 3. HP: 17/34 MP: 3/3
  1025 | D:4      | Noticed Robin
  1062 | D:4      | Killed Robin
  1062 | D:4      | Reached XP level 4. HP: 11/42 MP: 4/4
  1384 | D:4      | Reached XP level 5. HP: 20/49 MP: 5/5
  1632 | D:4      | Noticed Duvessa
  1632 | D:4      | Noticed Dowan
  1637 | D:4      | Reached skill level 4 in Axes
  1647 | D:4      | Killed Duvessa
  1647 | D:4      | Reached XP level 6. HP: 33/56 MP: 6/6
  1653 | D:4      | Killed Dowan
  1680 | D:4      | Reached skill level 5 in Axes
  1683 | D:4      | Became a worshipper of Gozag Ym Sagoz the Greedy
  3086 | D:3      | Noticed Grinder
  3197 | D:4      | Reached XP level 7. HP: 50/62 MP: 7/7
  3481 | D:4      | Reached skill level 5 in Shields
  3722 | D:5      | Entered Level 5 of the Dungeon
  4001 | D:5      | Found a shadowy altar of Dithmenos.
  4284 | D:5      | Found a staircase to the Ecumenical Temple.
  4583 | D:5      | Reached skill level 6 in Axes
  4599 | D:5      | Mangled by an orc warrior

Vault maps used:
D:1:      psy_arrival_fountain, st_stairs_6
D:2:      dancing_weapons_uskayaw
D:3:      first_ration, minmay_fractal_squares_gapless_5, uniq_grinder
D:4:      old_standard_altar, uniq_duvessa, uniq_robin
D:5:      minmay_temple_entry_enclosed_plants, grunt_dithmenos_smoke
D:6:      grunt_temple_overflow_cloverleaf, basic_altar

Skill      XL: |  1  2  3  4  5  6  7 |
---------------+----------------------+-----
Axes           | 3 4 5 6 |  6.1
Shields        | 3 4 5 |  5.4
Fighting       | |  3.0
Armour         | |  2.4

Action                   |  1- 3 |  4- 6 |  7- 9 || total
-------------------------+-------+-------+-------++-------
Melee: War axe           |    84 |   133 |    58 ||   275
 Abil: Spit Poison       |     2 |     3 |     3 ||     8
  Use: Potion            |       |     1 |       ||     1
       Scroll            |       |     2 |     2 ||     4
  Eat: Chunk             |       |     1 |       ||     1
       Ration            |       |     1 |     1 ||     2
Armor: Scale mail        |    34 |    29 |       ||    63
       Leather armour    |       |    34 |    21 ||    55
Dodge: Dodged            |    27 |    36 |    22 ||    85
Block: Shield            |    54 |    70 |    29 ||   153

Table legend:
 A = Non-vault XP
 B = Vault XP
 C = Vault XP percentage of total XP
 D = Non-vault monster count
 E = Vault monster count
 F = Vault count percentage of total count
                 A         B        C        D         E       F
            +---------+---------+-------+---------+---------+-------
      Total |     784 |     273 |  25.8 |      72 |      15 |  17.2
            +---------+---------+-------+---------+---------+-------
        D:1 |      33 |       3 |   8.3 |      19 |       1 |   5.0
        D:2 |      39 |       0 |   0.0 |      15 |       0 |   0.0
        D:3 |      13 |       0 |   0.0 |       7 |       0 |   0.0
        D:4 |     398 |     270 |  40.4 |      18 |      14 |  43.8
        D:5 |     301 |       0 |   0.0 |      13 |       0 |   0.0
            +---------+---------+-------+---------+---------+-------
